AoeStats
← ogipochi_

Arena

503809163Analyzed
4v4 RM · 1mo ago on Sep 2, 2026· 63m 49s· 8 players
Game mode
Random Map
Map size
Large (8 player)
Population
200
Speed
Normal
Resources
Standard
Victory
Conquest
Starting age
Dark Age
Ending age
Imperial Age
RankedLock teamsTeams togetherTeam positionsShared explorationLock speedFull tech treeHidden civsTurbo modeCheats
Victory
Defeat
🇨🇳 Shu · China
910
+14
🇫🇷 Franks · France
903
+14
🇨🇿 Lithuanians · Czechia
874
+16
🇨🇳 Chinese · China
786
+20
🇯🇵 Wei · Japan
884
-17
🇨🇭 Portuguese · Switzerland
871
-16
🇹🇷 Huns · Türkiye
868
-16
🇺🇸 Cumans · United States
860
-16
ogipochi_
11:32 Feudal Age
9:49 Loom
12:03 Gold Mining
11:54 Horse Collar
12:06 Stone Mining
12:01 Double-Bit Axe
13:00 Wheelbarrow
17:49 Castle Age
18:00 Forging
17:56 Scale Barding Armor
18:22 Bloodlines
19:10 Husbandry
22:06 Iron Casting
26:09 Hand Cart
29:05 Tuntian
32:34 Imperial Age
33:13 Heavy Hei Guang Cavalry
35:09 Gold Shaft Mining
35:12 Stone Shaft Mining
35:45 Blast Furnace
34:47 Scale Mail Armor
35:09 Chain Barding Armor
38:29 Squires
38:15 Arson
37:52 Pikeman
marwenskio
11:58 Feudal Age
13:26 Double-Bit Axe
17:40 Wheelbarrow
16:51 Loom
16:52 Town Watch
18:56 Man-at-Arms
28:24 Castle Age
29:40 Capped Ram
30:05 Long Swordsman
33:29 Bloodlines
33:51 Bow Saw
33:30 Horse Collar
33:52 Gold Mining
33:53 Stone Mining
37:42 Scale Barding Armor
37:48 Forging
37:57 Hand Cart
37:42 Town Patrol
38:08 Heavy Plow
40:10 Chain Barding Armor
40:26 Iron Casting
43:35 Imperial Age
44:55 Plate Barding Armor
45:21 Blast Furnace
43:44 Cavalier
45:13 Paladin
59:29 Light Cavalry
CANULAN
5:30 Loom
11:32 Feudal Age
12:13 Double-Bit Axe
13:38 Gold Mining
19:44 Castle Age
18:39 Horse Collar
18:51 Stone Mining
27:17 Bloodlines
27:08 Husbandry
27:12 Scale Mail Armor
27:23 Forging
33:22 Imperial Age
31:12 Scale Barding Armor
31:53 Iron Casting
32:42 Wheelbarrow
31:52 Town Watch
32:46 Marauders
33:58 Man-at-Arms
35:10 Long Swordsman
36:52 Blast Furnace
35:58 Two-Handed Swordsman
36:41 Squires
36:44 Cavalier
38:01 Conscription
39:28 Pikeman
41:58 Chain Barding Armor
43:54 Halberdier
45:26 Chain Mail Armor
45:47 Plate Barding Armor
the naked man
1:03 Loom
10:58 Feudal Age
18:46 Castle Age
18:08 Double-Bit Axe
18:05 Horse Collar
18:18 Stone Mining
18:19 Gold Mining
18:08 Man-at-Arms
18:36 Arson
18:17 Man-at-Arms
18:45 Arson
19:09 Long Swordsman
21:02 Scale Mail Armor
23:36 Forging
23:25 Gambesons
27:46 Wheelbarrow
27:35 Fletching
29:15 Town Watch
30:00 Hand Cart
32:37 Murder Holes
32:23 Treadmill Crane
35:10 Town Patrol
40:01 Imperial Age
37:29 Bodkin Arrow
38:10 Iron Casting
37:40 Padded Archer Armor
38:03 Ballistics
37:55 Masonry
38:06 Heavy Plow
40:23 Leather Archer Armor
41:44 Chemistry
40:50 Siege Engineers
41:16 Conscription
41:47 Elite Skirmisher
45:11 Thumb Ring
45:08 Bracer
45:39 Ring Archer Armor
47:43 Arquebus
47:04 Elite Organ Gun
48:20 Pikeman
48:58 Halberdier
51:34 Blast Furnace
50:49 Chain Mail Armor
54:21 Plate Mail Armor
57:19 Stone Shaft Mining
58:01 Bow Saw
58:25 Crop Rotation
58:33 Architecture
GROS
12:09 Feudal Age
16:53 Castle Age
16:18 Double-Bit Axe
16:43 Stone Mining
17:33 Gold Mining
21:34 Pikeman
22:14 Squires
30:19 Imperial Age
30:12 Ballistics
31:08 Murder Holes
33:03 Squires
32:49 Arson
35:47 Halberdier
39:04 Chemistry
43:32 Bow Saw
44:34 Elite Throwing Axeman
46:13 #83
Nech to G Bro
10:02 Feudal Age
15:32 Castle Age
14:19 Double-Bit Axe
15:32 Horse Collar
17:07 Heavy Plow
18:03 Bow Saw
23:38 Husbandry
23:45 Scale Barding Armor
23:31 Loom
23:55 Stone Mining
23:55 Gold Mining
27:18 Wheelbarrow
27:55 Chain Barding Armor
29:05 Hand Cart
29:02 Bloodlines
29:07 Light Cavalry
30:12 Forging
30:04 Scale Mail Armor
31:06 Town Watch
31:48 Town Patrol
34:59 Imperial Age
33:33 Hill Forts
35:00 Cavalier
36:19 Plate Barding Armor
36:19 Iron Casting
36:22 Crop Rotation
36:53 Two-Man Saw
35:46 Gold Mining
36:31 Stone Shaft Mining
36:23 Paladin
36:24 Winged Hussar
38:59 Conscription
42:00 Arson
42:16 Squires
41:36 Pikeman
41:40 Winged Hussar
52:15 Chain Mail Armor
51:51 Fletching
53:06 Masonry
52:38 Treadmill Crane
52:48 Heated Shot
53:22 Ballistics
52:58 Murder Holes
54:21 Architecture
58:05 Fortified Wall
Armstrong111
10:32 Feudal Age
10:41 Feudal Age
13:41 Loom
16:06 Castle Age
14:33 Double-Bit Axe
14:52 Horse Collar
15:50 Stone Mining
17:17 Bow Saw
19:34 Loom
21:46 Gold Mining
22:20 Heavy Plow
22:31 Man-at-Arms
22:57 Gambesons
23:35 Crossbowman
2791777173
11:04 Feudal Age
12:04 Double-Bit Axe
12:02 Horse Collar
14:33 Gold Mining
14:33 Stone Mining
18:04 Wheelbarrow
20:59 Castle Age
23:09 Stone Shaft Mining
23:10 Gold Shaft Mining
22:37 Heavy Plow
22:49 Bow Saw
24:57 Fletching
25:07 Padded Archer Armor
27:23 Arson
27:03 Pikeman
27:59 Thumb Ring
27:18 Crossbowman
35:18 Imperial Age
32:50 Bodkin Arrow
33:10 Leather Archer Armor
33:06 Forging
32:58 Scale Mail Armor
33:32 Squires
35:16 Ballistics
34:32 Elite Skirmisher
35:33 Halberdier
36:52 Light Cavalry
37:43 Bloodlines
37:34 Husbandry
40:09 Hand Cart
39:40 Loom
40:59 Two-Man Saw
40:46 Iron Casting
40:12 Bracer
40:43 Ring Archer Armor
43:18 Bracer
43:28 Elite Chu Ko Nu
46:22 Conscription
46:04 Heavy Rocket Cart
48:53 Chemistry
48:06 Scale Barding Armor
58:22 Arbalester
58:24 Heavy Cavalry Archer
Connection lost

Rejoining the realm…

Still unreachable

The connection could not be restored.

Session expired

The server has moved on; the page needs a fresh start.